Map: Galactic Process LE

Players

Patience - Winner!

  • Race: Protoss Protoss

TRUE

  • Race: Zerg Zerg

Event: 2016 WCS Global Finals

VOD

https://youtu.be/vyIUYP_IbPE

Description

Time

  • Played on: Oct. 27, 2016, 5:07 p.m.
  • Length: 12:40

All games in this series

Show
View Real Time Build Order
Export as new Build Order

Patience Protoss - Winner!

Build Orders: 1 Gate Expand, Zealot Archon, Dark Templar Rush 

Get SALT Encoding   

  12  0:01  Probe (Chrono Boost)  
  13  0:11  Probe (Chrono Boost)  
  14  0:18  Pylon  
  14  0:22  Probe (Chrono Boost)  
  15  0:36  Probe (Chrono Boost)  
  15  0:38  Gateway  
  16  0:43  Assimilator  
  16  0:47  Probe (Chrono Boost)  
  17  0:57  Probe (Chrono Boost)  
  18  1:04  Gateway  
  18  1:08  Probe (Chrono Boost)  
  19  1:25  Cybernetics Core  
  19  1:40  Nexus  
  19  1:46  Pylon  
  19  1:57  Warp Gate  
  19  1:59  Adept x2  
  19  2:07  Probe (Chrono Boost)  
  24  2:10  Assimilator  
  24  2:19  Probe (Chrono Boost)  
  24  2:21  Pylon  
  25  2:26  Adept  
  26  2:31  Probe (Chrono Boost)  
  28  2:43  Probe (Chrono Boost)  
  29  2:55  Probe (Chrono Boost)  
  30  3:00  Probe (Chrono Boost)  
  30  3:03  Twilight Council  
  29  3:06  Adept  
  29  3:07  Adept, Probe (Chrono Boost)  
  34  3:14  Mothership Core (Chrono Boost)  
  34  3:19  Probe (Chrono Boost)  
  37  3:29  Gateway  
  37  3:32  Probe x2 (Chrono Boost)  
  39  3:42  Probe (Chrono Boost)  
  39  3:43  Probe (Chrono Boost)  
  39  3:45  Dark Shrine  
  41  3:53  Probe (Chrono Boost)  
  43  3:55  Probe (Chrono Boost)  
  43  3:59  Robotics Facility  
  43  4:03  Probe (Chrono Boost)  
  43  4:07  Probe (Chrono Boost)  
  45  4:10  Assimilator  
  45  4:14  Probe (Chrono Boost)  
  45  4:15  Assimilator  
  46  4:19  Probe (Chrono Boost)  
  46  4:22  Stalker  
  49  4:24  Probe (Chrono Boost), Stalker  
  49  4:27  Resonating Glaives  
  49  4:30  Pylon  
  53  4:32  Probe (Chrono Boost)  
  53  4:35  Probe (Chrono Boost)  
  54  4:44  Warp Prism  
  54  4:50  Probe x2 (Chrono Boost)  
  58  5:02  Probe x2 (Chrono Boost)  
  58  5:03  Pylon  
  60  5:07  Pylon  
  61  5:14  Probe x2 (Chrono Boost)  
  61  5:22  Observer  
  61  5:24  Nexus  
  61  5:28  Pylon  
  62  5:40  Nexus  
  62  5:41  Sentry x2  
  62  5:42  Sentry  
  68  5:48  Probe x2 (Chrono Boost)  
  70  5:51  Pylon  
  64  5:59  Gateway  
  64  6:00  Gateway  
  64  6:02  Gateway  
  58  6:04  Charge  
  58  6:05  Dark Templar x2  
  58  6:06  Dark Templar  
  58  6:11  Immortal  
  60  6:41  Dark Templar x2  
  60  6:42  Gateway  
  60  6:45  Gateway  
  60  6:46  Nexus  
  64  6:47  Pylon  
  64  6:48  Archon  
  64  6:49  Adept  
  66  7:00  Dark Templar  
  68  7:03  Dark Templar  
  68  7:06  Zealot  
  72  7:08  Pylon  
  72  7:09  Archon x2  
  72  7:14  Zealot x3  
  63  7:33  Dark Templar x2  
  63  7:35  Zealot x3  
  71  7:37  Archon, Immortal  
  71  7:40  Adept x2  
  65  8:04  Dark Templar x2  
  69  8:07  Pylon  
  69  8:10  Nexus  
  69  8:11  Pylon  
  69  8:12  Pylon  
  69  8:14  Archon  
  69  8:25  Pylon  
  72  8:35  Zealot  
  72  8:36  Zealot x5  
  72  8:37  Zealot  
  59  8:52  Zealot  
  61  8:57  Adept x3  
  63  9:06  Adept  
  55  9:30  Dark Templar x3  
  56  9:33  Dark Templar  
  56  9:36  Archon  
  56  9:37  Archon  
  46  9:57  Adept x2  
  50  10:04  Dark Templar  
  50  10:09  Zealot x2  
  54  10:25  Dark Templar  
  54  10:26  Zealot x2  
  60  10:30  Archon  
  60  10:42  Adept x2  
  51  10:56  Adept x2  
  43  11:42  Dark Templar x2  
  41  12:14  Dark Templar  
Show
View Real Time Build Order
Export as new Build Order

TRUE Zerg 

Build Orders: Hatch First 

Get SALT Encoding   

  12  0:00  Drone  
  13  0:07  Drone  
  14  0:35  Hatchery  
  13  0:37  Drone  
  14  0:45  Overlord  
  14  0:51  Extractor  
  14  0:52  Drone  
  15  1:03  Drone x2  
  17  1:08  Extractor  
  16  1:15  Spawning Pool  
  15  1:19  Drone  
  15  1:22  Drone  
  17  1:31  Drone  
  18  1:41  Drone  
  18  1:47  Overlord  
  19  1:58  Drone  
  20  2:01  Queen  
  20  2:04  Queen  
  24  2:10  Metabolic Boost  
  24  2:15  Drone  
  25  2:17  Drone  
  25  2:22  Zergling x2  
  27  2:23  Zergling x2  
  27  2:26  Zergling x2  
  27  2:28  Zergling x2  
  30  2:32  Zergling x2  
  30  2:37  Zergling x2  
  32  2:40  Zergling x2  
  33  2:49  Zergling x2  
  33  2:51  Zergling x2  
  34  2:56  Queen  
  34  2:58  Queen  
  36  3:09  Overlord  
  36  3:19  Hatchery  
  35  3:25  Drone  
  35  3:26  Overlord  
  36  3:28  Drone x2  
  36  3:29  Drone  
  36  3:31  Drone  
  40  3:36  Drone x2  
  40  3:38  Drone  
  43  3:42  Drone  
  44  3:50  Baneling Nest  
  43  4:01  Drone x2  
  43  4:02  Overlord  
  45  4:04  Zergling x6  
  45  4:06  Zergling x2  
  49  4:12  Zergling x6  
  52  4:18  Overlord  
  52  4:19  Overlord  
  52  4:20  Zergling x2  
  53  4:26  Overlord  
  53  4:33  Lair  
  53  4:34  Drone x4  
  53  4:35  Drone  
  58  4:41  Drone x2  
  58  4:42  Drone  
  58  4:43  Drone  
  58  4:45  Drone, Spore Crawler  
  63  4:48  Drone  
  63  4:49  Drone  
  63  4:50  Drone  
  63  4:52  Drone  
  66  4:55  Drone  
  66  4:57  Overlord  
  67  5:03  Spore Crawler  
  67  5:06  Zergling x10  
  71  5:11  Extractor, Overlord  
  71  5:12  Zergling x4  
  71  5:13  Zergling x2  
  73  5:16  Zergling x2  
  73  5:17  Zergling x2  
  73  5:18  Zergling x2  
  76  5:25  Zergling x6  
  79  5:36  Zergling x4  
  79  5:37  Zergling x10  
  79  5:38  Zergling x2  
  79  5:40  Overseer  
  85  5:44  Zergling x6  
  85  5:46  Zergling x2  
  85  5:49  Zergling x2  
  87  5:52  Zergling x6, Overseer  
  87  5:53  Zergling x2  
  87  5:54  Queen  
  89  5:58  Queen  
  89  6:00  Zergling x2  
  88  6:04  Zergling x4  
  88  6:10  Overlord  
  90  6:14  Baneling x2  
  90  6:19  Overlord  
  90  6:28  Zergling x2  
  90  6:29  Zergling x18  
  90  6:33  Zergling x4  
  90  6:34  Zergling x2  
  90  6:35  Zergling x4  
  90  6:37  Zergling x2  
  90  6:38  Zergling x2  
  95  6:41  Zergling x2  
  95  6:43  Zergling x8  
  100  6:48  Baneling x4  
  100  6:50  Hatchery  
  99  6:56  Zergling x2  
  99  6:57  Zergling x4  
  102  7:03  Zergling x4  
  102  7:06  Zergling x2  
  102  7:07  Zergling x2  
  106  7:11  Baneling x4  
  106  7:12  Baneling, Overlord  
  106  7:14  Overlord  
  106  7:18  Overlord  
  106  7:20  Zergling x2  
  106  7:21  Zergling x2  
  106  7:22  Overlord  
  102  7:23  Zergling x4  
  102  7:24  Zergling x6  
  102  7:26  Overlord  
  99  7:39  Zergling x14  
  99  7:42  Zergling x6  
  102  7:47  Zergling x4  
  93  7:51  Zergling x4  
  93  7:52  Zergling x2  
  93  7:54  Queen  
  93  7:56  Zergling x2  
  93  7:57  Zergling x2  
  92  8:02  Zergling x2  
  92  8:03  Zergling x2  
  92  8:04  Zergling x6  
  97  8:08  Baneling x13  
  97  8:09  Baneling x3, Zergling x4  
  97  8:10  Zergling x2  
  100  8:13  Zergling x2  
  100  8:16  Zergling x8  
  100  8:17  Centrifical Hooks  
  105  8:24  Zergling x2  
  105  8:25  Zergling x4  
  105  8:26  Zergling x2  
  109  8:33  Zergling x2  
  109  8:34  Zergling x4  
  103  8:41  Zergling x2  
  103  8:47  Zergling x2  
  103  8:48  Zergling x16  
  98  8:50  Zergling x2  
  98  8:51  Zergling x2  
  86  8:55  Baneling  
  86  8:56  Baneling x7  
  86  8:57  Zergling x2  
  86  9:01  Zergling x2  
  86  9:02  Zergling x2  
  81  9:03  Zergling x2  
  81  9:05  Zergling x2  
  81  9:07  Zergling x2  
  77  9:13  Zergling x4  
  77  9:14  Zergling x4  
  77  9:17  Zergling x2  
  72  9:18  Zergling x2  
  72  9:23  Zergling x4  
  68  9:39  Baneling x8  
  68  9:41  Zergling x2  
  68  9:44  Zergling x2  
  68  9:45  Zergling x2  
  67  9:47  Zergling x4  
  67  9:51  Zergling x6  
  67  9:52  Zergling x4  
  64  9:53  Zergling x6  
  64  9:57  Zergling x2  
  64  9:59  Zergling x2  
  62  10:00  Zergling x2  
  62  10:01  Zergling x2  
  54  10:08  Zergling x2  
  54  10:09  Zergling x2  
  54  10:11  Baneling x4  
  54  10:12  Zergling x4  
  55  10:15  Queen x2  
  55  10:18  Zergling x2  
  55  10:20  Zergling x2  
  60  10:24  Zergling x4  
  58  10:29  Zergling x2  
  58  10:31  Zergling x4  
  60  10:35  Zergling x2  
  60  10:41  Zergling x4  
  60  10:42  Baneling x4  
  56  10:44  Zergling x4  
  55  10:52  Zergling x4  
  55  10:53  Queen  
  55  10:54  Zergling x2  
  55  10:55  Zergling x2  
  58  11:03  Zergling x4  
  52  11:06  Zergling x4  
  45  11:12  Zergling x2  
  45  11:13  Zergling x2  
  45  11:15  Zergling x4  
  45  11:23  Zergling x2  
  29  11:25  Zergling x2  
  29  11:31  Zergling x2  
  31  11:34  Zergling x2  
  31  11:36  Zergling x2  
  31  11:39  Zergling x2  
  32  11:43  Zergling x2  
  32  11:46  Zergling x2  
  21  12:00  Zergling x2  
Tags
 
Add a new tag
Caveats
  • Supply blocks, unpowered buildings, or Contaminate may cause inaccurate times.
  • Supply counts are checked every 10 seconds.